 Dungeon Crawl Stone Soup version 0.20-a0-1086-g4bd2f5b (webtiles) character file.

1606 kuniqs the Skirmisher (level 8, -2/71 HPs)
             Began as a Black Draconian Fighter on May 1, 2017.
             Was a Believer of Okawaru.
             Slain by Duvessa
             ... wielding a +0 short sword
              (13 damage)
             ... on level 6 of the Dungeon.
             The game lasted 00:08:17 (6873 turns).

kuniqs the Skirmisher (Black Draconian Fighter)     Turns: 6873, Time: 00:08:18

Health: -2/71      AC:  7    Str: 23    XL:     8   Next: 63%
Magic:  8/10       EV: 17    Int:  9    God:    Okawaru [**....]
Gold:   319        SH: 12    Dex: 13    Spells: 7/7 levels left

rFire    . . .     SeeInvis .   n - +0 whip (elec)
rCold    . . .     Gourm    .   b - +0 shield
rNeg     . . .     Faith    .   (armour unavailable)
rPois    .         Spirit   .   (helmet restricted)
rElec    +         Reflect  .   (no cloak)
rCorr    .         Harm     .   m - +0 pair of gloves
MR       .....                  (no boots)
Stlth    +++.......             (no amulet)
Regen    0.3/turn               (no ring)
MPRegen  0.2/turn               (no ring)

@: mighty, short of breath, heroism
A: breathe lightning, unfitting armour, electricity resistance, cold-blooded, AC
+6
a: Breathe Lightning, Heroism, Renounce Religion


You were on level 6 of the Dungeon.
You worshipped Okawaru.
Okawaru was pleased with you.
You were not hungry.

You visited 2 branches of the dungeon, and saw 7 of its levels.

You collected 319 gold pieces.

Inventory:

Hand Weapons
 a - a +0 long sword
 n - a +0 whip of electrocution (weapon)
Missiles
 l - a throwing net (quivered)
Armour
 b - a +0 shield (worn)
 m - a +0 pair of gloves (worn)
Wands
 r - a wand of flame (26/48)
Scrolls
 h - 3 scrolls of enchant weapon {unknown}
 i - 3 scrolls of recharging {unknown}
 k - a scroll of immolation {unknown}
 o - a scroll of magic mapping {unknown}
 p - a scroll of remove curse {unknown}
 s - 2 scrolls of amnesia {unknown}
 u - a scroll of random uselessness {unknown}
 w - a scroll of fear {unknown}
 x - 10 scrolls of identify {unknown}
Potions
 c - a potion of might
 g - a potion of degeneration {unknown}
 j - a potion of brilliance {unknown}
 q - 2 potions of flight {unknown}
Comestibles
 d - 8 bread rations
 e - a meat ration
 f - 2 fruits
 t - 10 chunks of flesh
 v - a royal jelly


   Skills:
 + Level 6.5(11.5) Fighting
 + Level 5.6(10.6) Long Blades
 + Level 5.4(10.4) Dodging
 + Level 5.9(10.9) Shields
 + Level 3.2 Invocations


You had 7 spell levels left.
You didn't know any spells.

Dungeon Overview and Level Annotations

Branches:
Dungeon (6/15)             Temple (1/1) D:4

Altars:
Ashenzari
Cheibriados
Dithmenos
Fedhas
Gozag
Hepliaklqana
Kikubaaqudgha
Makhleb
Nemelex Xobeh
Okawaru
Ru
Sif Muna
Trog
Uskayaw
Vehumet
Wu Jian
Xom
Yredelemnul
Zin
The Shining One

Shops:
D:4 }%(=

Annotations:
D:6 Duvessa


Innate Abilities, Weirdness & Mutations

You can breathe wild blasts of lightning.
Your glossy black scales are hard. (AC +6)
You cannot fit into any form of body armour.
You are resistant to electric shocks. (rElec)
You are cold-blooded and may be slowed by cold attacks.


Message History

You hear a mighty clap of thunder!
You feel somewhat more hungry. Duvessa completely misses you.
Duvessa hits you but does no damage.
You completely miss Duvessa. Duvessa hits you with a short sword.
Duvessa hits you with a short sword!
You hit Duvessa. You block Duvessa's attack.
You hit Duvessa but do no damage. Lightning courses through Duvessa!
Duvessa hits you with a short sword! x2
* * * LOW HITPOINT WARNING * * *
Okay, then.
You gain the combat prowess of a mighty hero.
Duvessa hits you with a short sword!
* * * LOW HITPOINT WARNING * * *
Duvessa closely misses you.
You feel very mighty all of a sudden. Duvessa hits you but does no damage.
You hit Duvessa. You block Duvessa's attack.
You barely miss Duvessa. You tail-slap Duvessa. Duvessa completely misses you.
Duvessa hits you with a short sword!
You die...

#.##..####.#......###.###.#
#..####.#........[......
#..#.).........#.#####..
.####..).###...###.#># #..
.........## ##........# #..
######...# #.######.# #..
##..## #.# #...# ##.
#.#.###e#####.### #.
#.....@# #.....# #.
##.......##.....# #.
#.##.##.##.....# #. #. #.#
.##.....# #. #.# ##.....#
#. #.# ####### #. [.. #.#


You could see Duvessa (berserk).

Vanquished Creatures
  4 ogres
  A phantom (D:4)
  2 bullfrogs (D:6)
  A gnoll sergeant (D:5)
  Dowan (D:6)
  2 scorpions
  2 crimson imps (D:5)
  2 hounds
  A jelly (D:6)
  4 orc wizards
  2 orc priests
  2 bullfrog skeletons
  3 iguanas
  2 worker ants
  A hound skeleton (D:5)
  6 adders
  12 gnolls
  A howler monkey skeleton (D:4)
  A shadow imp (D:6)
  2 oozes
  An adder skeleton (D:4)
  An adder zombie (D:6)
  3 worms
  A dart slug (D:3)
  6 leopard geckos
  20 orcs
  4 bats
  A giant cockroach (D:2)
  8 goblins
  10 hobgoblins
  11 jackals
  4 quokkas
  13 frilled lizards
  9 kobolds
  A leopard gecko zombie (D:6)
  10 rats
  A fungus (D:1)
156 creatures vanquished.

Notes
Turn   | Place    | Note
-------+----------+-------------------------------------------
     0 | D:1      | kuniqs the Draconian Fighter began the quest for the Orb.
     0 | D:1      | Reached XP level 1. HP: 19/19 MP: 1/1
   293 | D:1      | Reached XP level 2. HP: 24/26 MP: 2/2
  1188 | D:2      | Reached XP level 3. HP: 29/31 MP: 3/3
  1196 | D:2      | Found a hazy altar of Hepliaklqana.
  1316 | D:2      | Found a shimmering altar of Xom.
  1316 | D:2      | Noticed a wyvern
  1317 | D:2      | Noticed a spectral ugly thing
  1317 | D:2      | Noticed a wyvern
  1634 | D:2      | Reached XP level 4. HP: 27/40 MP: 4/4
  1914 | D:2      | Reached skill level 4 in Fighting
  2278 | D:2      | Reached XP level 5. HP: 21/46 MP: 5/5
  2978 | D:3      | Found a shadowy altar of Dithmenos.
  3579 | D:3      | Found a faded altar of an unknown god.
  3604 | D:4      | Noticed an ogre
  3610 | D:4      | Killed an ogre
  3610 | D:4      | Reached XP level 6. HP: 41/53 MP: 6/6
  3734 | D:4      | Found Xeammaz's Weapon Emporium.
  3910 | D:4      | Found a staircase to the Ecumenical Temple.
  3916 | Temple   | Entered the Ecumenical Temple
  4108 | Temple   | Became a worshipper of Warmaster Okawaru
  4139 | D:4      | Reached skill level 5 in Fighting
  4317 | D:4      | Found Lyom's Food Emporium.
  4390 | D:4      | Found Ilepn's Gadget Emporium.
  4498 | D:4      | Your scales start taking on a glossy black colour.
  4498 | D:4      | Reached XP level 7. HP: 22/61 MP: 7/7
  4498 | D:4      | Gained mutation: You are resistant to electric shocks. (rElec) [Black Draconian growth]
  4984 | D:4      | Found Asiydd's Jewellery Shoppe.
  5079 | D:5      | Entered Level 5 of the Dungeon
  5125 | D:5      | Found a shattered altar of Ashenzari.
  5141 | D:5      | Found a hide-covered altar of Uskayaw.
  5187 | D:5      | Reached skill level 5 in Shields
  5201 | D:5      | Reached * piety under Okawaru
  5276 | D:5      | Reached skill level 1 in Invocations
  5853 | D:5      | Reached skill level 5 in Long Blades
  6092 | D:5      | Found a sacrificial altar of Ru.
  6129 | D:5      | Reached XP level 8. HP: 70/70 MP: 9/9
  6140 | D:5      | Reached skill level 5 in Dodging
  6245 | D:5      | Reached skill level 6 in Fighting
  6614 | D:6      | Reached ** piety under Okawaru
  6787 | D:6      | Noticed Dowan
  6806 | D:6      | Killed Dowan
  6865 | D:6      | Noticed Duvessa
  6873 | D:6      | Slain by Duvessa

Vault maps used:
D:1:      matt_arrival_refuge, minmay_misc_feat_more_columns,
          minmay_gold_behind_fungi
D:2:      regret_index_temple_of_mockery, guppyfry_early_orc_mine
D:3:      nicolae_dithmenos_through_a_glass_darkly,
          chequers_ecumenical_altar_grove, st_stairs_5
D:4:      minmay_temple_entry_nine_rooms, first_bread, serial_shops, shop,
          kennysheep_mini_moat, shop, nicolae_shop_waterfront,
          kennysheep_generic_room_5
D:5:      nicolae_overflow_hidden_temple, nicolae_overflow_crystal_walls,
          nicolae_ru_the_path_less_chosen
D:6:      st_stairs_8, uniq_duvessa
Temple:   dpeg_chambers_temple

Skill      XL: |  1  2  3  4  5  6  7  8 |
---------------+-------------------------+-----
Dodging        | 3 4 5 |  5.4
Long Blades    | 3 4 5 |  5.6
Fighting       | 4 5 6 |  6.5
Shields        | 4 5 |  5.9
Invocations    | 1 3 |  3.2

Action                   |  1- 3 |  4- 6 |  7- 9 || total
-------------------------+-------+-------+-------++-------
Melee: Long sword        |   138 |    27 |       ||   165
       Tailslap          |    23 |    28 |    38 ||    89
       Whip              |       |   181 |   245 ||   426
Invok: Heroism           |       |       |     1 ||     1
 Abil: Breathe Lightning |       |       |     6 ||     6
  Use: Potion            |       |       |     1 ||     1
 Stab: Sleeping          |     1 |     2 |       ||     3
  Eat: Chunk             |     2 |     8 |     9 ||    19
       Royal jelly       |       |     1 |       ||     1
Armor: Skin              |    28 |    69 |    50 ||   147
Dodge: Dodged            |    48 |    97 |   110 ||   255
Block: Shield            |    62 |    91 |   121 ||   274
       Rpst.: Long sword |    18 |     4 |       ||    22
